AoeStats
← damian

Lombardia

509011690Analyzed
2v2 RM · 7d ago on Sep 25, 2026· 30m 29s· 4 players
Game mode
Random Map
Map size
Medium (4 player)
Population
200
Speed
Normal
Resources
Standard
Victory
Conquest
Starting age
Dark Age
Ending age
Imperial Age
RankedLock teamsTeams togetherTeam positionsShared explorationLock speedFull tech treeHidden civsTurbo modeCheats
Victory
Defeat
🇦🇷 Persians · Argentina
991
+19
🇦🇷 Spanish · Argentina
979
+19
🇺🇸 Saxons · United States
1048
-19
🇺🇸 Spanish · United States
1048
-19
BlaasSG
5:37 Loom
11:45 Feudal Age
14:29 Double-Bit Axe
17:20 Castle Age
16:01 Stone Mining
18:16 Gold Mining
19:02 Horse Collar
26:52 Ballistics
28:03 Padded Archer Armor
29:26 Leather Archer Armor
M4R1MB4
7:28 Loom
9:58 Feudal Age
9:07 Loom
13:48 Bloodlines
14:27 Forging
14:23 Scale Barding Armor
16:02 Bloodlines
21:54 Castle Age
20:33 Horse Collar
20:40 Double-Bit Axe
23:33 Gold Mining
24:05 Husbandry
27:31 Town Watch
damian
2:36 Loom
11:28 Feudal Age
17:46 Castle Age
Clichedsquash40
5:14 Loom
11:01 Feudal Age
11:33 Man-at-Arms
12:44 Double-Bit Axe
17:35 Wheelbarrow
17:38 Forging
23:24 Castle Age
22:16 Fletching
22:27 Padded Archer Armor
23:04 Scale Mail Armor
23:32 Crossbowman
23:34 Long Swordsman
25:10 Bodkin Arrow
25:31 Leather Archer Armor
Connection lost

Rejoining the realm…

Still unreachable

The connection could not be restored.

Session expired

The server has moved on; the page needs a fresh start.